[ PARTIDA AOE2 · #506737813 ]
UnrankedTeutones vs Malay
Equipo del jugador · DERR
Equipo rival · VICT
[ ANÁLISIS DE REPETICIÓN · EXTRAÍDO DE LA PARTIDA GRABADA ]
Feudal
8:51
Castillos
21:43
Imperial
—
| APM promedio | 62.2 |
| APM pico | 121 |
| eAPM promedio | 31.8 |
| Aldeanos / militares | 75 / 14 |
Foco
⚔️ 37.9% · 🌾 62.1%
Monk ×4 · Knight ×4 · Spearman ×3 · Scout Cavalry ×3
Feudal
8:37
Castillos
17:39
Imperial
—
| APM promedio | 53.3 |
| APM pico | 97 |
| eAPM promedio | 30.5 |
| Aldeanos / militares | 98 / 38 |
Foco
⚔️ 42.4% · 🌾 57.6%
Karambit Warrior ×30 · Battering Ram ×5 · Monk ×3
Mapa de la partida
Recursos iniciales + cada clic de construcción. Líneas = muros · curvas = relieve. ◆ oro · ⬟ piedra · ● bayas · ✦ reliquia · ◌ hueco del cierre
Tu base· ✓ Cerrada en 21:43 · 2t muro · 3 puerta(s)
Base de DS_Gabo· ✓ Cerrada en 17:39 · 26t muro · 4 puerta(s)
Terreno inicial suavizado · ◌ = hueco del cierre detectado · pasá el cursor para detalles
Inputs por minuto
— No soy Masche - - DS_Gabo
Build order — No soy Masche
140 acciones detectadas en el replay
| 0:01 | Encolar | Villager (Male) |
| 0:01 | Encolar | Villager (Male) |
| 0:01 | Encolar | Villager (Male) |
| 0:02 | Construir | House |
| 0:04 | Construir | House |
| 0:09 | Encolar | Villager (Male) |
| 1:35 | Encolar | Villager (Male) |
| 1:35 | Encolar | Villager (Male) |
| 1:36 | Encolar | Villager (Male) |
| 1:50 | Construir | Lumber Camp |
| 2:26 | Encolar | Villager (Male) |
| 2:27 | Encolar | Villager (Male) |
| 2:27 | Encolar | Villager (Male) |
| 2:56 | Encolar | Villager (Male) |
| 2:57 | Encolar | Villager (Male) |
| 3:41 | Encolar | Villager (Male) |
| 3:42 | Encolar | Villager (Male) |
| 3:51 | Construir | House |
| 3:58 | Encolar | Villager (Male) |
| 3:59 | Encolar | Villager (Male) |
| 4:06 | Encolar | Villager (Male) |
| 4:30 | Construir | Mining Camp |
| 4:32 | Encolar | Villager (Male) |
| 4:32 | Encolar | Villager (Male) |
| 4:32 | Encolar | Villager (Male) |
| 4:54 | Encolar | Villager (Male) |
| 4:55 | Encolar | Villager (Male) |
| 5:12 | Encolar | Villager (Male) |
| 5:12 | Encolar | Villager (Male) |
| 5:25 | Encolar | Villager (Male) |
| 5:39 | Investigar | Loom |
| 5:39 | Investigar | Loom |
| 6:22 | Investigar | Feudal Age |
| 6:47 | Construir | House |
| 7:01 | Encolar | Villager (Male) |
| 7:40 | Construir | Palisade Wall |
| 7:47 | Encolar | Villager (Male) |
| 8:03 | Construir | Palisade Wall |
| 8:46 | Encolar | Villager (Male) |
| 8:51 | Edad | Edad Feudal |
| 8:58 | Construir | Watch Tower |
| 9:03 | Investigar | Town Watch |
| 9:03 | Encolar | Villager (Male) |
| 9:18 | Construir | Blacksmith |
| 9:22 | Construir | Mill |
| 9:24 | Investigar | Double-Bit Axe |
| 9:39 | Encolar | Villager (Male) |
| 9:47 | Encolar | Villager (Male) |
| 9:53 | Construir | House |
| 10:02 | Encolar | Villager (Male) |
| 10:08 | Investigar | Fletching |
| 10:09 | Investigar | Fletching |
| 10:23 | Encolar | Villager (Male) |
| 10:32 | Construir | House |
| 10:45 | Encolar | Villager (Male) |
| 10:45 | Encolar | Villager (Male) |
| 11:28 | Encolar | Villager (Male) |
| 11:29 | Encolar | Villager (Male) |
| 11:29 | Encolar | Villager (Male) |
| 11:47 | Encolar | Villager (Male) |
| 12:10 | Construir | Watch Tower |
| 12:16 | Encolar | Villager (Male) |
| 12:27 | Encolar | Villager (Male) |
| 12:27 | Encolar | Villager (Male) |
| 12:30 | Construir | House |
| 13:04 | Encolar | Villager (Male) |
| 13:04 | Encolar | Villager (Male) |
| 13:07 | Construir | Farm |
| 13:10 | Construir | Farm |
| 13:13 | Construir | Farm |
| 13:15 | Construir | Farm |
| 13:18 | Construir | Farm |
| 13:23 | Encolar | Villager (Male) |
| 13:37 | Construir | Farm |
| 13:48 | Encolar | Villager (Male) |
| 14:09 | Construir | Watch Tower |
| 14:14 | Encolar | Villager (Male) |
| 14:18 | Construir | Farm |
| 14:24 | Encolar | Villager (Male) |
| 14:28 | Construir | Farm |
| 14:31 | Encolar | Villager (Male) |
| 14:42 | Encolar | Villager (Male) |
| 14:56 | Encolar | Villager (Male) |
| 14:57 | Encolar | Villager (Male) |
| 14:57 | Encolar | Villager (Male) |
| 14:58 | Construir | Mining Camp |
| 15:07 | Encolar | Villager (Male) |
| 15:29 | Encolar | Villager (Male) |
| 15:37 | Construir | Watch Tower |
| 15:47 | Encolar | Villager (Male) |
| 15:47 | Encolar | Villager (Male) |
| 15:48 | Encolar | Villager (Male) |
| 15:56 | Encolar | Villager (Male) |
| 16:07 | Construir | House |
| 16:13 | Encolar | Villager (Male) |
| 16:19 | Construir | Market |
| 16:29 | Encolar | Villager (Male) |
| 16:39 | Encolar | Villager (Male) |
| 16:46 | Construir | House |
| 16:58 | Construir | Watch Tower |
| 17:08 | Encolar | Villager (Male) |
| 17:14 | Construir | House |
| 17:28 | Encolar | Villager (Male) |
| 17:44 | Construir | House |
| 17:45 | Encolar | Villager (Male) |
| 18:13 | Encolar | Villager (Male) |
| 18:15 | Construir | House |
| 18:32 | Construir | Barracks |
| 18:37 | Encolar | Villager (Male) |
| 18:38 | Construir | Farm |
| 18:50 | Construir | House |
| 19:03 | Investigar | Castle Age |
| 19:25 | Construir | Mining Camp |
| 19:48 | Construir | Stable |
| 20:09 | Encolar | Spearman |
| 20:09 | Encolar | Spearman |
| 20:40 | Encolar | Scout Cavalry |
| 20:40 | Encolar | Scout Cavalry |
| 20:52 | Encolar | Spearman |
| 21:28 | Construir | Watch Tower |
| 21:43 | Encolar | Villager (Male) |
| 21:43 | Edad | Edad de los Castillos |
| 21:54 | Construir | Monastery |
| 21:57 | Encolar | Scout Cavalry |
| 22:17 | Encolar | Villager (Male) |
| 22:33 | Encolar | Villager (Male) |
| 22:35 | Encolar | Monk |
| 23:02 | Construir | Castle |
| 23:09 | Encolar | Monk |
| 23:13 | Encolar | Villager (Male) |
| 23:14 | Encolar | Villager (Male) |
| 23:47 | Encolar | Knight |
| 24:51 | Encolar | Villager (Male) |
| 25:01 | Encolar | Knight |
| 25:24 | Encolar | Knight |
| 25:24 | Encolar | Knight |
| 25:26 | Encolar | Monk |
| 25:27 | Encolar | Monk |
| 26:31 | Encolar | Villager (Male) |
| 26:31 | Encolar | Villager (Male) |
Build order — DS_Gabo
Primeras 150 de 161 acciones detectadas
| 0:06 | Encolar | Villager (Male) |
| 0:06 | Encolar | Villager (Male) |
| 0:07 | Encolar | Villager (Male) ×2 |
| 0:08 | Construir | House |
| 0:10 | Construir | House |
| 1:28 | Construir | Lumber Camp |
| 1:41 | Encolar | Villager (Male) |
| 1:55 | Encolar | Villager (Male) |
| 2:17 | Encolar | Villager (Male) |
| 2:41 | Construir | House |
| 2:48 | Encolar | Villager (Male) |
| 3:05 | Encolar | Villager (Male) |
| 3:30 | Encolar | Villager (Male) |
| 3:50 | Encolar | Villager (Male) |
| 3:58 | Encolar | Villager (Male) |
| 4:21 | Encolar | Villager (Male) |
| 4:25 | Construir | House |
| 4:40 | Encolar | Villager (Male) |
| 4:49 | Construir | Mill |
| 4:58 | Encolar | Villager (Male) |
| 4:58 | Encolar | Villager (Male) |
| 5:51 | Encolar | Villager (Male) |
| 6:00 | Encolar | Villager (Male) ×3 |
| 6:00 | Encolar | Villager (Male) ×3 |
| 6:01 | Encolar | Villager (Male) ×3 |
| 6:01 | Encolar | Villager (Male) ×3 |
| 6:01 | Encolar | Villager (Male) ×3 |
| 6:01 | Encolar | Villager (Male) ×3 |
| 6:02 | Encolar | Villager (Male) ×3 |
| 6:31 | Encolar | Villager (Male) |
| 7:19 | Investigar | Feudal Age |
| 8:20 | Construir | House |
| 8:25 | Construir | House |
| 8:32 | Encolar | Villager (Male) |
| 8:32 | Encolar | Villager (Male) |
| 8:37 | Edad | Edad Feudal |
| 8:43 | Investigar | Double-Bit Axe |
| 8:45 | Investigar | Horse Collar |
| 8:48 | Construir | Farm |
| 8:50 | Construir | Farm |
| 8:51 | Encolar | Villager (Male) ×3 |
| 8:51 | Encolar | Villager (Male) ×4 |
| 9:00 | Encolar | Villager (Male) |
| 9:30 | Encolar | Villager (Male) |
| 9:34 | Construir | Watch Tower |
| 9:35 | Encolar | Villager (Male) |
| 9:39 | Investigar | Loom |
| 9:40 | Encolar | Villager (Male) ×5 |
| 9:41 | Encolar | Villager (Male) |
| 9:41 | Encolar | Villager (Male) |
| 9:47 | Construir | Farm |
| 10:11 | Encolar | Villager (Male) |
| 10:11 | Encolar | Villager (Male) |
| 10:15 | Construir | Farm |
| 10:30 | Encolar | Villager (Male) |
| 10:30 | Encolar | Villager (Male) |
| 10:40 | Construir | Blacksmith |
| 10:45 | Encolar | Villager (Male) |
| 11:02 | Construir | Gate |
| 11:16 | Encolar | Villager (Male) |
| 11:26 | Encolar | Villager (Male) |
| 11:29 | Construir | House |
| 11:43 | Encolar | Villager (Male) ×2 |
| 11:59 | Encolar | Villager (Male) |
| 12:02 | Construir | Farm |
| 12:11 | Construir | House |
| 12:20 | Encolar | Villager (Male) |
| 12:31 | Encolar | Villager (Male) |
| 12:55 | Construir | Market |
| 13:24 | Encolar | Villager (Male) |
| 13:25 | Construir | Mining Camp |
| 13:34 | Construir | Stone Wall |
| 13:46 | Construir | House |
| 13:51 | Construir | Stone Wall |
| 13:55 | Construir | Stone Wall |
| 13:59 | Encolar | Villager (Male) |
| 14:01 | Construir | Mining Camp |
| 14:03 | Encolar | Villager (Male) |
| 14:08 | Construir | House |
| 14:11 | Construir | House |
| 14:14 | Construir | Stone Wall |
| 14:53 | Construir | Stone Wall |
| 15:02 | Encolar | Villager (Male) |
| 15:05 | Construir | Farm |
| 15:10 | Encolar | Villager (Male) |
| 15:19 | Construir | Farm |
| 15:19 | Encolar | Villager (Male) |
| 15:44 | Encolar | Villager (Male) |
| 16:03 | Investigar | Castle Age |
| 16:30 | Construir | House |
| 16:34 | Construir | Stone Wall |
| 17:16 | Encolar | Villager (Male) |
| 17:37 | Encolar | Villager (Male) |
| 17:39 | Edad | Edad de los Castillos |
| 17:50 | Construir | Monastery |
| 17:52 | Construir | House |
| 18:00 | Construir | Siege Workshop |
| 18:16 | Construir | Market |
| 18:36 | Encolar | Monk |
| 19:00 | Encolar | Battering Ram |
| 19:03 | Encolar | Villager (Male) |
| 19:04 | Encolar | Villager (Male) |
| 19:08 | Encolar | Battering Ram |
| 19:18 | Construir | House |
| 19:22 | Construir | House |
| 19:44 | Encolar | Villager (Male) |
| 19:55 | Encolar | Villager (Male) ×2 |
| 19:55 | Encolar | Villager (Male) ×2 |
| 20:06 | Construir | Farm |
| 20:39 | Encolar | Villager (Male) ×2 |
| 20:42 | Construir | Castle |
| 20:48 | Construir | Castle |
| 21:42 | Encolar | Monk |
| 21:42 | Encolar | Monk |
| 21:51 | Encolar | Karambit Warrior |
| 22:05 | Encolar | Villager (Male) ×2 |
| 22:24 | Construir | Mining Camp |
| 22:27 | Construir | Farm |
| 22:31 | Construir | Farm |
| 22:31 | Construir | Farm |
| 22:31 | Construir | Farm |
| 22:31 | Construir | Farm |
| 22:32 | Construir | Farm |
| 22:32 | Construir | Farm |
| 22:32 | Construir | Farm |
| 22:34 | Encolar | Karambit Warrior |
| 22:39 | Encolar | Karambit Warrior ×2 |
| 22:39 | Encolar | Karambit Warrior |
| 22:40 | Encolar | Villager (Male) |
| 23:04 | Encolar | Karambit Warrior |
| 23:22 | Encolar | Karambit Warrior ×2 |
| 23:33 | Construir | Watch Tower |
| 23:45 | Encolar | Karambit Warrior |
| 23:51 | Encolar | Karambit Warrior |
| 23:52 | Encolar | Karambit Warrior |
| 23:52 | Encolar | Karambit Warrior |
| 24:11 | Encolar | Karambit Warrior |
| 24:18 | Encolar | Karambit Warrior ×3 |
| 24:19 | Encolar | Karambit Warrior |
| 24:23 | Encolar | Karambit Warrior |
| 24:25 | Encolar | Karambit Warrior |
| 24:47 | Encolar | Karambit Warrior |
| 24:47 | Encolar | Karambit Warrior |
| 24:51 | Encolar | Battering Ram |
| 24:53 | Encolar | Karambit Warrior |
| 24:59 | Encolar | Villager (Male) ×2 |
| 24:59 | Encolar | Villager (Male) ×2 |
| 25:04 | Encolar | Karambit Warrior |
| 25:04 | Encolar | Karambit Warrior |
| 25:23 | Encolar | Villager (Male) |
Cronología de la partida
| 7:40 | No soy Masche · wall_segment Palisade Wall x1 |
| 8:03 | No soy Masche · wall_segment Palisade Wall x1 |
| 8:37 | DS_Gabo · age_up feudal |
| 8:51 | No soy Masche · age_up feudal |
| 13:34 | DS_Gabo · wall_segment Stone Wall x8 |
| 13:51 | DS_Gabo · wall_segment Stone Wall x7 |
| 13:55 | DS_Gabo · wall_segment Stone Wall x1 |
| 14:14 | DS_Gabo · wall_segment Stone Wall x1 |
| 14:53 | DS_Gabo · wall_segment Stone Wall x6 |
| 15:56 | DS_Gabo · first_market_buy 100 food |
| 15:57 | DS_Gabo · first_market_sell 100 wood |
| 16:34 | DS_Gabo · wall_segment Stone Wall x3 |
| 17:39 | DS_Gabo · age_up castle |
| 17:50 | DS_Gabo · first_building Monastery |
| 18:00 | DS_Gabo · first_building Siege Workshop |
| 18:32 | No soy Masche · first_building Barracks |
| 18:58 | No soy Masche · first_market_buy 100 food |
| 19:36 | No soy Masche · first_market_sell 100 food |
| 19:48 | No soy Masche · first_building Stable |
| 20:42 | DS_Gabo · first_building Castle |
| 21:43 | No soy Masche · age_up castle |
| 21:54 | No soy Masche · first_building Monastery |
| 23:02 | No soy Masche · first_building Castle |
| 26:37 | No soy Masche · resign |
[ ANÁLISIS IA · 1 CRÉDITO ]
¿Qué pasó realmente en esta partida?
Wolo.gg analiza cada decisión: build order, eco, micro, errores típicos por bracket. Análisis personalizado por WhatsApp o Discord en 30 segundos.
Guía civ
Teutones
Perfil
Jugador #2716438